AoeStats
← s0828123

African Clearing

504469387Analyzed
3v3 RM · 27d ago on Sep 5, 2026· 34m 20s· 6 players
Game mode
Random Map
Map size
Normal (6 player)
Population
200
Speed
Normal
Resources
Standard
Victory
Conquest
Starting age
Dark Age
Ending age
Imperial Age
RankedLock teamsTeams togetherTeam positionsShared explorationLock speedFull tech treeHidden civsTurbo modeCheats
Victory
Defeat
🇭🇰 Spanish · Hong Kong SAR China
1027
+14
🇭🇰 Koreans · Hong Kong SAR China
1022
+14
🇭🇰 Huns · Hong Kong SAR China
1018
+14
🇸🇦 Saracens · Saudi Arabia
994
-16
🇹🇼 Vikings · Taiwan
985
-14
🇨🇳 Bohemians · China
940
-12
1169656596
16:50 Feudal Age
25:26 Forging
25:07 Fletching
26:23 Scale Mail Armor
29:43 Town Watch
32:23 Castle Age
DangerCock
3:58 Loom
12:24 Feudal Age
15:34 Double-Bit Axe
20:04 Castle Age
18:24 Horse Collar
20:10 Stone Mining
21:30 Bow Saw
21:25 Heavy Plow
22:29 Gold Mining
23:35 Town Watch
33:12 Fletching
† BigMakh †
15:27 Feudal Age
15:53 Horse Collar
16:02 Double-Bit Axe
22:39 Fishing Lines
25:15 Castle Age
23:20 Stone Mining
23:23 Gold Mining
24:49 Forging
24:45 Scale Barding Armor
27:13 Iron Casting
28:00 Ballistics
s0828123
8:35 Loom
15:12 Feudal Age
19:22 Castle Age
18:19 Double-Bit Axe
19:19 Stone Mining
30:57 Wheelbarrow
不知者
10:23 Loom
13:04 Feudal Age
20:33 Castle Age
20:13 Double-Bit Axe
20:39 Scale Barding Armor
26:44 Fletching
27:34 Wheelbarrow
29:42 Thumb Ring
32:58 Bodkin Arrow
33:20 Gold Mining
WKC
16:02 Feudal Age
19:52 Castle Age
18:08 Double-Bit Axe
18:40 Horse Collar
20:15 Loom
23:55 Husbandry
30:09 Padded Archer Armor
32:37 Leather Archer Armor
33:37 Wheelbarrow
33:07 Heavy Plow
Connection lost

Rejoining the realm…

Still unreachable

The connection could not be restored.

Session expired

The server has moved on; the page needs a fresh start.